 Dungeon Crawl Stone Soup version 0.29-a0-334-gb41bcbb86e (webtiles) character file.

Game seed: 9353833082115788896

133 ImHallYall the Cutter (level 5, -1/42 HPs)
             Began as a Ghoul Gladiator on Apr 13, 2022.
             Was an Initiate of Qazlal.
             Killed by divine providence
             ... invoked by an orc priest
              (12 damage)
             ... on level 4 of the Dungeon.
             The game lasted 00:08:45 (3928 turns).

ImHallYall the Cutter (Ghoul Gladiator)             Turns: 3928, Time: 00:08:46

Health: -1/42      AC:  7    Str: 17 (18) XL:     5   Next: 16%
Magic:  4/4        EV: 10    Int:  7 (9)  God:    Qazlal [......]
Gold:   128        SH:  0    Dex: 12      Spells: 4/4 levels left

rFire   . . .      SeeInvis .   l - +4 short sword
rCold   + . .      Faith    .   (no shield)
rNeg    + + +      Spirit   .   p - +0 scale mail
rPois   ∞          Reflect  .   c - +0 helmet
rElec   .          Harm     .   (no cloak)
rCorr   .          Rampage  .   (no gloves)
Will    .....                   (no boots)
Stlth   ..........              (no amulet)
HPRegen 0.00/turn               w - +6 ring of intelligence
MPRegen 0.09/turn               (no ring)

@: inhibited regen
A: claws 1, cold resistance 1, negative energy resistance 3, inhibited
regeneration, torment resistance 2, devour on kill
a: Renounce Religion


You were on level 4 of the Dungeon.
You worshipped Qazlal.
Qazlal was noncommittal.
You visited 1 branch of the dungeon, and saw 4 of its levels.

You collected 128 gold pieces.

Inventory:

Hand Weapons
 a - a +0 rapier
 l - a +4 short sword (weapon)
 B - a +1 dagger of venom
Missiles
 d - 3 throwing nets (quivered)
 e - a javelin
 y - 3 boomerangs
 z - 4 curare-tipped darts
Armour
 b - a +0 leather armour
 c - a +0 helmet (worn)
 p - a +0 scale mail (worn)
Jewellery
 w - a +6 ring of intelligence (left claw)
Scrolls
 h - 2 scrolls of immolation
 k - a scroll of enchant armour
 o - 2 scrolls of fear
 r - a scroll of enchant weapon
 x - a scroll of amnesia
 A - a scroll of identify
Potions
 f - a potion of flight {unknown}
 g - a potion of heal wounds {unknown}
 i - 3 potions of degeneration
 j - a potion of curing {unknown}
 m - a potion of cancellation
 n - a potion of resistance {unknown}
 s - a potion of might {unknown}
 t - a potion of mutation {unknown}
 u - a potion of brilliance {unknown}
 v - a potion of attraction {unknown}


   Skills:
 + Level 2.7 Fighting
 + Level 3.8 Short Blades
 + Level 1.8 Throwing
 + Level 2.0 Armour
 + Level 3.3 Dodging
 + Level 0.1 Stealth


You had 4 spell levels left.
You didn't know any spells.
Your spell library contained the following spells:

 Spells                   Type           Power      Damage    Failure   Level
 Sting                    Tmut/Pois      0%         1d3       85%         1
 Poisonous Vapours        Pois/Air       0%         N/A       94%         2
 Static Discharge         Conj/Air       0%         N/A       94%         2
 Ozocubu's Armour         Ice            0%         N/A       99%         3
 Olgreb's Toxic Radiance  Pois           0%         N/A       100%        4
 Lightning Bolt           Conj/Air       0%         1d11      100%        5
 Ozocubu's Refrigeration  Ice            0%         4d5       100%        7
 Maxwell's Capacitive Co  Air            0%         ∞         100%        8


Dungeon Overview and Level Annotations

Branches:
Dungeon (4/15)
 Temple: D:4-7

Altars:
Qazlal
Wu Jian

Shops:
D:1 =


Innate Abilities, Weirdness & Mutations

You are immune to poison.
You have sharp fingernails.
Your flesh is cold resistant. (rC+)
You are immune to negative energy. (rN+++)
You do not regenerate when monsters are visible.
You are immune to unholy pain and torment.
You thrive by killing the living.


Message History

The orc barely misses you. The orc hits you but does no damage.
You closely miss the orc. The orc hits you with a +0 club.
The orc hits you but does no damage.
You closely miss the orc. The orc closely misses you. The orc misses you.
The orc priest miscasts a cantrip.
You hit the orc.
The orc is heavily wounded.
The orc misses you. The orc barely misses you.
You hit the orc but do no damage.
The orc is heavily wounded.
The orc misses you.
The orc priest invokes the aid of Beogh against you.
Beogh smites you!
* * * LOW HITPOINT WARNING * * *
The orc completely misses you.
As you read the scroll of summoning, it crumbles to dust.
Wisps of shadow whirl around you... The orc hits you but does no damage.
The orc barely misses you. The orc hits you but does no damage.
Your kobold hits the orc with a +0 short sword.
The orc attacks as you move away! The orc closely misses you.
The orc hits your endoplasm with a +0 hand axe.
Your ball python bites the orc.
Your ball python closely misses the orc.
The orc closely misses your ball python.
Your endoplasm hits the orc.
The orc dies!
Qazlal accepts your kill.
Your kobold hits the orc with a +0 short sword.
The orc dies!
Qazlal accepts your kill.
The orc priest hits your kobold with a +0 hand axe!
Your kobold dies!
Your kobold's corpse dissolves into shadows!
The orc priest hits your endoplasm with a +0 hand axe.
Your endoplasm dies!
Your endoplasm dissolves into shadows!
The orc priest mumbles some strange prayers to Beogh against you.
Beogh smites you!
You die...

.# #.#.#.....##.# .#####
#.#.#.######.# .#...#
#.#.#.†......#
.#.#.#####†#.#..#######
...........#.#........#
...#.....#.#.##...###.#
...#.....#...†..<.....#
...#.....#..###########.
...#.....#......@.......
...#.#######gS..........
##.#.......o).#########.
#.#########..# .# #...#
.# #...# .>..# .....#
.....


You could see an orc priest (ally target), a friendly hobgoblin (summoned) and a
friendly ball python (summoned).

Vanquished Creatures
  5 adders
  3 worms
  3 dart slugs
  2 orcs (D:3)
  5 ball pythons
  2 bats
  8 endoplasms
  3 giant cockroaches
  4 goblins
  9 hobgoblins
  3 jackals (D:3)
  A quokka (D:1)
  6 frilled lizards
  5 kobolds
  5 rats
64 creatures vanquished.

Vanquished Creatures (collateral kills)
  2 orcs (D:4)
2 creatures vanquished.

Vanquished Creatures (others)
  An endoplasm (D:1)
  A quokka (D:1)
  A rat (D:1)
3 creatures vanquished.

Grand Total: 69 creatures vanquished

Notes
Turn   | Place    | Note
-------+----------+-------------------------------------------
     0 | D:1      | ImHallYall the Ghoul Gladiator began the quest for the Orb.
     0 | D:1      | Reached XP level 1. HP: 17/17 MP: 0/0
   134 | D:1      | Reached XP level 2. HP: 21/25 MP: 1/1
  1554 | D:1      | Reached XP level 3. HP: 30/30 MP: 2/2
  1573 | D:1      | Found Onioroula's Jewellery Boutique.
  1859 | D:2      | Found a faded altar of an unknown god.
  1889 | D:2      | Prayed at the altar of an unknown god.
  1889 | D:2      | Became a worshipper of the Wu Jian Council
  1889 | D:2      | Reached * piety under Wu Jian
  1928 | D:2      | Reached skill level 1 in Armour
  2152 | D:2      | Reached XP level 4. HP: 36/37 MP: 3/3
  2546 | D:3      | Found a stormy altar of Qazlal.
  2548 | D:3      | Noticed a fire elemental
  2549 | D:3      | Noticed an air elemental
  2549 | D:3      | Noticed a water elemental
  2549 | D:3      | Noticed an earth elemental
  2576 | D:3      | Fell from the grace of Wu Jian
  2576 | D:3      | Became a worshipper of Qazlal Stormbringer
  3836 | D:4      | Reached XP level 5. HP: 42/42 MP: 4/4
  3928 | D:4      | Killed from afar by an orc priest

Illustrated notes

Levels and vault maps discovered:
D:1:      shiori_arrival_maze, layout_loops_ring, serial_shops,
          nicolae_lakefront_shop, lemuel_flame_loot_1
D:2:      layout_basic, ebering_ecumenical_altar_mist
D:3:      layout_basic, nicolae_qazlal_style_of_elements, chequers_mini_garden
D:4:      layout_basic, nicolae_kikubaaqudgha_miasma_corner, enter_ossuary_3

Skill      XL: |  1  2  3  4  5 |
---------------+----------------+-----
Short Blades   | 3 |  3.8
Dodging        | 3 |  3.3
Armour         | 1 2 |  2.0
Fighting       | |  2.7
Throwing       | |  1.8
Stealth        | |  0.1

Action                   |  1- 3 |  4- 6 || total
-------------------------+-------+-------++-------
Melee: Rapier            |    38 |       ||    38
       Short sword       |    56 |    86 ||   142
Throw: Throwing net      |       |     1 ||     1
Invok: Lunge             |     2 |     2 ||     4
       Whirlwind         |       |     3 ||     3
  Use: Scroll            |     1 |     6 ||     7
       Potion            |       |     2 ||     2
 Stab: Held in net/web   |       |     1 ||     1
Armor: Leather armour    |    17 |       ||    17
       Scale mail        |     9 |    26 ||    35
Dodge: Dodged            |    61 |    43 ||   104

Table legend: (Time is in decaauts)
 A = Elapsed time spent in this place.
 B = Non-inter-level travel time spent in this place.
 C = Inter-level travel time spent in this place.
 D = Time resting spent in this place.
 E = Time spent auto-exploring this place.
 F = Levels seen in this place.
 G = Mean time per level.
                   A        B        C        D        E       F      G
               +--------+--------+--------+--------+--------+-----+--------+
         Total |   3918 |   3841 |     77 |    721 |   2118 |   4 |  979.5 |
       Dungeon |   3918 |   3841 |     77 |    721 |   2118 |   4 |  979.5 |
               +--------+--------+--------+--------+--------+-----+--------+

Top non-repeatable levels by time:
     D:1: 1690 daAuts
     D:3: 1222 daAuts
     D:2: 779 daAuts
     D:4: 226 daAuts
